 Dungeon Sprint DCSS version 0.31-a0-620-gd1cbd99268 (webtiles) character file.

Game seed: 11021730709234875236

852 zazu2006 the Basher (level 8, -11/68 HPs)
             Began as a Gnoll Wanderer on Aug 23, 2023.
             Was a Believer of Okawaru.
             Mangled by a white ugly thing (31 damage)
             ... in the Dungeon (Sprint IX: "|||||||||||||||||||||||||||||").
             The game lasted 00:01:54 (385 turns).

zazu2006 the Basher (Gnoll Wanderer)                 Turns: 385, Time: 00:01:54

Health: -11/68     AC: 18    Str: 17    XL:     8   Next: 1%
Magic:  17/17      EV: 13    Int:  9    God:    Okawaru [**....]
Gold:   0          SH:  0    Dex: 11    Spells: 19/19 levels left

rFire   . . .        l - +2 dire flail (protect)
rCold   . . .        (shield currently unavailable)
rNeg    . . .        q - +2 ring mail
rPois   .            (no helmet)
rElec   .            n - +0 cloak
rCorr   .            (no gloves)
SInv    .            m - +0 pair of boots
Will    .....        (no amulet)
Stlth   ++           (no ring)
HPRegen 0.31/turn    (no ring)
MPRegen 0.15/turn

%: no teleportation
@: under a protective aura, invisible
A: fangs 1, strong nose, distributed training
a: Renounce Religion, Heroism


You were in the Dungeon.
You worshipped Okawaru.
Okawaru was pleased with you.
You visited 1 branch

Inventory:

Hand Weapons
 a - a +3 mace
 l - a +2 dire flail of protection (weapon)
Armour
 b - a +0 scale mail
 m - a +0 pair of boots (worn)
 n - a +0 cloak (worn)
 q - a +2 ring mail (worn)
Jewellery
 o - a +2 ring of evasion
 p - a +3 ring of strength
Wands
 k - a wand of roots (10)
Scrolls
 c - a scroll of vulnerability
 i - 2 scrolls of blinking
 j - 2 scrolls of amnesia
Potions
 d - 5 potions of curing
 e - a potion of heal wounds
 f - a potion of haste
 g - 4 potions of magic


   Skills:
 + Level 7.7 Fighting
 + Level 6.1 Short Blades
 + Level 6.1 Long Blades
 + Level 6.1 Axes
 + Level 9.1 Maces & Flails
 + Level 6.1 Polearms
 + Level 6.1 Staves
 + Level 6.1 Ranged Weapons
 + Level 6.1 Throwing
 + Level 7.7 Armour
 + Level 6.7 Dodging
 + Level 6.1 Stealth
 + Level 6.1 Shields
 + Level 6.1 Unarmed Combat
 + Level 6.1 Spellcasting
 + Level 5.1 Conjurations
 + Level 5.1 Hexes
 + Level 5.1 Summonings
 + Level 5.1 Necromancy
 + Level 5.1 Translocations
 + Level 5.1 Transmutations
 + Level 5.1 Fire Magic
 + Level 5.1 Ice Magic
 + Level 5.1 Air Magic
 + Level 5.1 Earth Magic
 + Level 5.1 Poison Magic
 + Level 6.7 Invocations
 + Level 7.7 Evocations
 + Level 5.6 Shapeshifting


You had 19 spell levels left.
You didn't know any spells.
Your spell library was empty.

Dungeon Overview and Level Annotations

Branches:
Dungeon (1/1)

Altars:
Cheibriados
Dithmenos
Elyvilon
Fedhas
Gozag
Hepliaklqana
Kikubaaqudgha
Makhleb
Nemelex Xobeh
Okawaru
Qazlal
Ru
Sif Muna
Trog
Uskayaw
Vehumet
Wu Jian
Xom
Yredelemnul
Zin
The Shining One
Jiyva
Lugonu


Innate Abilities, Weirdness & Mutations

You have very sharp teeth.
Your uncanny sense of smell can sniff out nearby items.
Your experience applies equally to all skills.


Message History

You have reached level 8!
You feel clever.
Unknown command.
Unknown command.
You start resting.
Magic restored.
HP restored.
You see here a +0 shortbow.
You open the door.
A troll, a gnoll sergeant, an acid dragon, an efreet, a white ugly thing and a human come into view.
The gnoll sergeant is wielding a +2 heavy trident.
The efreet is wielding a +1 scimitar of flaming.
The human shouts!
The white ugly thing gurgles horribly!
The acid dragon roars!
The gnoll sergeant shouts!
Okay, then.
You fade into invisibility!
Unknown command.
The troll shouts!
You sock the white ugly thing!
Your weapon exudes an aura of protection.
Your bite misses the white ugly thing.
The white ugly thing is moderately wounded.
The white ugly thing trunk-slaps you! The white ugly thing freezes you!!
You catch the helpless white ugly thing completely off-guard!
You puncture the white ugly thing!
The white ugly thing is moderately wounded.
You hit the white ugly thing. You bite the white ugly thing.
The white ugly thing is heavily wounded.
The white ugly thing barely misses you.
You closely miss the white ugly thing.
The white ugly thing is moderately wounded.
You catch the helpless white ugly thing completely off-guard!
You puncture the white ugly thing!
The white ugly thing is heavily wounded.
The white ugly thing barely misses you.
You thump the white ugly thing!
The white ugly thing is severely wounded.
The white ugly thing trunk-slaps you!
* * * LOW HITPOINT WARNING * * *
The white ugly thing freezes you!!
You die...

▓T▓
▓g▓
▓D▓
▓R▓
▓.▓
∆
▓p▓
∆
▓u▓
∆
▓@▓
∆
▓.▓
▓.▓
∆
▓)▓
▓)▓
∆
▓)▓
∆
▓)▓
∆
▓.▓
∆
▓.▓


You could see a white ugly thing (wandering, unable to see you), a troll
(wandering, unable to see you), an efreet (unable to see you), a human (unable
to see you), an acid dragon (unable to see you) and a gnoll sergeant (unable to
see you).

Vanquished Creatures
  A gargoyle (D)
  A water moccasin (D)
  2 orc warriors (D)
  An ice beast (D)
  2 centaurs (D)
  An orc wizard (D)
  2 orcs (D)
  A giant cockroach (D)
  A goblin (D)
  A hobgoblin (D)
  A quokka (D)
  A bat (D)
  A frilled lizard (D)
16 creatures vanquished.

Notes
Turn   | Place    | Note
-------+----------+-------------------------------------------
     0 | D        | zazu2006 the Gnoll Wanderer began the quest for the Orb.
     0 | D        | zazu2006 set off with the following items: a +3 mace, a +0
                  | scale mail, a scroll of vulnerability, a potion of curing,
                  | a potion of heal wounds, a potion of haste, 2 potions of
                  | magic, a potion of berserk rage, a scroll of blinking.
     0 | D        | Reached XP level 1. HP: 20/20 MP: 1/1
     8 | D        | Banished a spatial maelstrom
    11 | D        | Reached skill level 1 in Invocations
    12 | D        | Reached skill level 1 in Short Blades
    12 | D        | Reached skill level 1 in Long Blades
    12 | D        | Reached skill level 1 in Axes
    12 | D        | Reached skill level 1 in Polearms
    12 | D        | Reached skill level 1 in Staves
    12 | D        | Reached skill level 1 in Ranged Weapons
    12 | D        | Reached skill level 1 in Throwing
    12 | D        | Reached skill level 1 in Stealth
    12 | D        | Reached skill level 1 in Shields
    12 | D        | Reached skill level 1 in Unarmed Combat
    12 | D        | Reached skill level 1 in Spellcasting
    28 | D        | Noticed an ice beast
    28 | D        | Noticed a water moccasin
    34 | D        | Killed a water moccasin
    35 | D        | Reached skill level 5 in Fighting
    35 | D        | Reached skill level 7 in Maces & Flails
    35 | D        | Reached skill level 5 in Armour
    35 | D        | Reached skill level 5 in Evocations
    35 | D        | Reached XP level 2. HP: 26/27 MP: 3/6
    35 | D        | Reached XP level 3. HP: 32/33 MP: 3/7
    35 | D        | Reached XP level 4. HP: 38/39 MP: 3/8
    40 | D        | Killed an ice beast
    41 | D        | Reached XP level 5. HP: 39/46 MP: 3/10
    50 | D        | Found a snail-covered altar of Cheibriados.
    50 | D        | Found a shadowy altar of Dithmenos.
    50 | D        | Found a white marble altar of Elyvilon.
    50 | D        | Found a blossoming altar of Fedhas.
    50 | D        | Found an opulent altar of Gozag.
    51 | D        | Found a hazy altar of Hepliaklqana.
    52 | D        | Found a viscous altar of Jiyva.
    53 | D        | Found an ancient bone altar of Kikubaaqudgha.
    54 | D        | Found a corrupted altar of Lugonu.
    55 | D        | Found a burning altar of Makhleb.
    56 | D        | Found a sparkling altar of Nemelex Xobeh.
    57 | D        | Found an iron altar of Okawaru.
    58 | D        | Found a stormy altar of Qazlal.
    59 | D        | Found a sacrificial altar of Ru.
    60 | D        | Found a shimmering blue altar of Sif Muna.
    61 | D        | Found a bloodstained altar of Trog.
    62 | D        | Found a hide-covered altar of Uskayaw.
    63 | D        | Found a radiant altar of Vehumet.
    64 | D        | Found an ornate altar of the Wu Jian Council.
    65 | D        | Became a worshipper of Warmaster Okawaru
   115 | D        | Found a shimmering altar of Xom.
   116 | D        | Found a basalt altar of Yredelemnul.
   117 | D        | Found a glowing silver altar of Zin.
   118 | D        | Found a glowing golden altar of the Shining One.
   171 | D        | Noticed a centaur
   171 | D        | Noticed a gargoyle
   171 | D        | Noticed a centaur
   171 | D        | Noticed an orc warrior
   171 | D        | Noticed an orc warrior
   182 | D        | Killed an orc warrior
   183 | D        | Reached skill level 8 in Maces & Flails
   183 | D        | Reached skill level 5 in Dodging
   183 | D        | Reached skill level 5 in Invocations
   183 | D        | Reached XP level 6. HP: 37/53 MP: 10/12
   194 | D        | Killed an orc warrior
   195 | D        | Reached skill level 5 in Short Blades
   195 | D        | Reached skill level 5 in Long Blades
   195 | D        | Reached skill level 5 in Axes
   195 | D        | Reached skill level 5 in Polearms
   195 | D        | Reached skill level 5 in Staves
   195 | D        | Reached skill level 5 in Ranged Weapons
   195 | D        | Reached skill level 5 in Throwing
   195 | D        | Reached skill level 5 in Stealth
   195 | D        | Reached skill level 5 in Shields
   195 | D        | Reached skill level 5 in Unarmed Combat
   195 | D        | Reached skill level 5 in Spellcasting
   202 | D        | Reached * piety under Okawaru
   203 | D        | Reached XP level 7. HP: 31/60 MP: 12/14
   207 | D        | Killed a gargoyle
   207 | D        | Reached ** piety under Okawaru
   207 | D        | HP: 1/58 [centaur/arrow (7)]
   208 | D        | Reached skill level 9 in Maces & Flails
   208 | D        | Reached skill level 5 in Conjurations
   208 | D        | Reached skill level 5 in Hexes
   208 | D        | Reached skill level 5 in Summonings
   208 | D        | Reached skill level 5 in Necromancy
   208 | D        | Reached skill level 5 in Translocations
   208 | D        | Reached skill level 5 in Transmutations
   208 | D        | Reached skill level 5 in Fire Magic
   208 | D        | Reached skill level 5 in Ice Magic
   208 | D        | Reached skill level 5 in Air Magic
   208 | D        | Reached skill level 5 in Earth Magic
   208 | D        | Reached skill level 5 in Poison Magic
   208 | D        | Reached skill level 5 in Shapeshifting
   212 | D        | Reached XP level 8. HP: 18/68 MP: 13/17
   378 | D        | Noticed a troll
   378 | D        | Noticed an efreet
   378 | D        | Noticed a white ugly thing
   385 | D        | Mangled by a white ugly thing

Illustrated notes

Levels and vault maps discovered:
D:        linesprint [early_d, line_temple, items_1, d_10, items_2, lair_1,
          lair_end, items_3, orc_1, orc_end, items_4, d_15, swamp_1, shoals_1,
          snake_1, spider_1, d_20, vaults_1, items_5, swamp_end, shoals_end,
          snake_end, spider_end, vaults_end, d_27, items_6, zot_1, zot_end,
          crypt_end, forest_end, elf_end, slime_end, tomb_end, abyss_end,
          pan_hell_end]

Skill      XL: |  1  2  3  4  5  6  7 |
---------------+----------------------+-----
Invocations    | 3 4 5 6 |  6.7
Short Blades   | 3 4 5 6 |  6.1
Long Blades    | 3 4 5 6 |  6.1
Axes           | 3 4 5 6 |  6.1
Polearms       | 3 4 5 6 |  6.1
Staves         | 3 4 5 6 |  6.1
Ranged Weapons | 3 4 5 6 |  6.1
Throwing       | 3 4 5 6 |  6.1
Stealth        | 3 4 5 6 |  6.1
Shields        | 3 4 5 6 |  6.1
Unarmed Combat | 3 4 5 6 |  6.1
Spellcasting   | 3 4 5 6 |  6.1
Fighting       | 5 6 7 |  7.7
Maces & Flails | 7 8 9 |  9.1
Armour         | 5 6 7 |  7.7
Dodging        | 4 5 6 |  6.7
Conjurations   | 2 3 4 5 |  5.1
Hexes          | 2 3 4 5 |  5.1
Summonings     | 2 3 4 5 |  5.1
Necromancy     | 2 3 4 5 |  5.1
Translocations | 2 3 4 5 |  5.1
Transmutations | 2 3 4 5 |  5.1
Fire Magic     | 2 3 4 5 |  5.1
Ice Magic      | 2 3 4 5 |  5.1
Air Magic      | 2 3 4 5 |  5.1
Earth Magic    | 2 3 4 5 |  5.1
Poison Magic   | 2 3 4 5 |  5.1
Evocations     | 5 6 7 |  7.7
Shapeshifting  | 2 3 4 5 |  5.6

Action                     |  1- 3 |  4- 6 |  7- 9 || total
---------------------------+-------+-------+-------++-------
  Melee: Mace              |    11 |     9 |       ||    20
         Dire flail        |       |    29 |    12 ||    41
         Bite              |       |     3 |     1 ||     4
    Use: Potion            |     1 |     1 |     2 ||     4
   Stab: Invisible         |       |       |     2 ||     2
 Armour: Scale mail        |     4 |     3 |       ||     7
         Ring mail         |       |    12 |     2 ||    14
  Dodge: Dodged            |     5 |    22 |     6 ||    33

Table legend: (Time is in decaauts)
 A = Elapsed time spent in this place.
 B = Non-inter-level travel time spent in this place.
 C = Inter-level travel time spent in this place.
 D = Time resting spent in this place.
 E = Time spent auto-exploring this place.
 F = Levels seen in this place.
 G = Mean time per level.
                   A        B        C        D        E       F      G
               +--------+--------+--------+--------+--------+-----+--------+
         Total |    392 |    392 |      0 |     23 |    226 |   1 |  392.0 |
       Dungeon |    392 |    392 |      0 |     23 |    226 |   1 |  392.0 |
               +--------+--------+--------+--------+--------+-----+--------+

Top non-repeatable levels by time:
       D: 392 daAuts
